 Dungeon Crawl Stone Soup version 0.19.1 (webtiles) character file.

62 grothor the Shield-Bearer (level 3, -1/36 HPs)
             Began as a Troll Fighter on Dec 7, 2016.
             Slain by a worm (10 damage)
             ... on level 3 of the Dungeon.
             The game lasted 00:08:50 (1008 turns).

grothor the Shield-Bearer (Troll Fighter)           Turns: 1008, Time: 00:08:51

Health: -1/36      AC:  1    Str: 25    XL:     3   Next: 85%
Magic:  2/2        EV:  8    Int:  4    God:
Gold:   72         SH:  9    Dex:  9    Spells: 0 memorised, 2 levels left

rFire  . . .     SeeInvis .     s - +0 scimitar
rCold  . . .     Gourm    +     b - +0 robe
rNeg   . . .     Faith    .     c - +0 shield
rPois  .         Spirit   .     (helmet restricted)
rElec  .         Reflect  .     (no cloak)
rCorr  .         Harm     .     (gloves unavailable)
MR     .....                    (boots unavailable)
Stlth  +.........               (no amulet)
                                (no ring)
                                (no ring)

@: corroded
A: unfitting armour, claws 3, fast metabolism 3, gourmand, regeneration 1,
shaggy fur 1, tough skin 2
a: no special abilities


You were on level 3 of the Dungeon.
You were not hungry.

You visited 1 branch of the dungeon, and saw 3 of its levels.

You collected 72 gold pieces.

Inventory:

Hand Weapons
 a - a +0 war axe
 g - a +0 hunting sling
 r - a +0 spear
 s - a +0 scimitar (weapon)
Missiles
 o - 23 bolts
Armour
 b - a +0 robe (worn)
 c - a +0 shield (worn)
 j - a +0 ring mail
 m - a +0 robe
Wands
 t - a wand of slowing (7/48)
Scrolls
 e - a scroll of fear {unknown}
 h - a scroll of enchant weapon {unknown}
 k - a scroll of recharging {unknown}
 l - a scroll of identify {unknown}
 q - a scroll of remove curse {unknown}
Potions
 d - a potion of might
 i - 2 potions of agility {unknown}
 p - a potion of degeneration {unknown}
Comestibles
 f - 3 bread rations
 n - a meat ration


   Skills:
 + Level 2.6 Fighting
 + Level 0.1 Long Blades
 + Level 1.9(2.0) Axes
 + Level 0.4(1.2) Polearms
 + Level 2.9 Dodging
 + Level 3.1 Shields


You had 2 spell levels left.
You didn't know any spells.

Dungeon Overview and Level Annotations

Branches:
Dungeon (3/15)

Altars:
Hepliaklqana

Annotations:
D:3 Ijyb


Innate Abilities, Weirdness & Mutations

You are too large for most types of armour.
You have claws for hands.
Your metabolism is lightning-fast.
You like to eat raw meat.
Your natural rate of healing is unusually fast.
You are covered in fur. (AC +1)
You have very tough skin. (AC +2)


Message History

a whip; a kobold corpse The frilled lizard bites you but does no damage.
The kobold barely misses you.
You closely miss the kobold.
Ijyb zaps a wand.
The bolt of acid hits you! The acid corrodes you!
You are splashed with acid!
The acid burns!
It is a wand of acid.
You block the frilled lizard's attack. The kobold barely misses you.
You riposte.
You hit the kobold but do no damage. The worm closely misses you.
You hit the kobold.
You kill the kobold!
You block the frilled lizard's attack. You block Ijyb's attack.
The worm bites you! The frilled lizard closely misses you.
You riposte.
You slash the frilled lizard!
You kill the frilled lizard!
Ijyb screams, "Level is mine!
All mine!"
Ijyb zaps a wand.
The bolt of acid misses you.
You hit Ijyb but do no damage. Ijyb hits you with a club.
* * * LOW HITPOINT WARNING * * *
The worm bites you!
You die...

#..#.#.. .........#
#..#.#.# ..%......#
#.#..#.#.#
.........###.#..#<#.#
...........#.#....#.#
...........#.#....#.####
...........#............
......w....#............
......(@.###............
......†g................
.....?.(.####...........
########## #...........
############


You could see Ijyb and a worm.

Vanquished Creatures
  3 adders (D:2)
  A worm (D:2)
  A dart slug (D:1)
  A leopard gecko (D:1)
  An orc (D:3)
  A ball python (D:1)
  2 giant cockroaches
  2 goblins
  5 hobgoblins
  4 frilled lizards
  7 kobolds
  2 rats (D:2)
30 creatures vanquished.

Notes
Turn   | Place    | Note
-------+----------+-------------------------------------------
     0 | D:1      | grothor the Troll Fighter began the quest for the Orb.
     0 | D:1      | Reached XP level 1. HP: 22/22 MP: 0/0
   231 | D:1      | Reached XP level 2. HP: 27/29 MP: 1/1
   541 | D:2      | Reached skill level 3 in Shields
   541 | D:2      | Reached XP level 3. HP: 36/36 MP: 2/2
   706 | D:2      | Found a hazy altar of Hepliaklqana.
   706 | D:2      | Found a faded altar of an unknown god.
   720 | D:2      | Found a faded altar of an unknown god.
   729 | D:2      | Found a faded altar of an unknown god.
   731 | D:2      | Found a faded altar of an unknown god.
   999 | D:3      | Noticed Ijyb
  1008 | D:3      | Slain by a worm

Skill      XL: |  1  2 |
---------------+-------+-----
Shields        | 3 |  3.1
Fighting       | |  2.6
Long Blades    | |  0.1
Axes           | |  1.9
Polearms       | |  0.4
Dodging        | |  2.9

Action                   || total
-------------------------++-------
Melee: War axe           ||    57
       Scimitar          ||    36
       Spear             ||    23
  Eat: Beef jerky        ||     1
       Meat ration       ||     1
Armor: Robe              ||    47
Dodge: Dodged            ||    54
Block: Shield            ||    81
       Rpst.: Scimitar   ||     9
